 Dungeon Crawl Stone Soup version 0.26.0-20-g3ca415f5b8 (webtiles) character file.

Game seed: 11720431349321806239

1877 DasRunzen the Schismatic (level 8, -6/64 HPs)
             Began as a Demonspawn Abyssal Knight on Jan 25, 2021.
             Was an Elder of Lugonu.
             Mangled by an orc warrior
             ... wielding a +0 hand axe of electrocution
              (14 damage)
             ... on level 6 of the Dungeon.
             The game lasted 00:16:16 (7387 turns).

DasRunzen the Schismatic (DsAK)                     Turns: 7387, Time: 00:16:17

Health: -6/64      AC: 18    Str: 14    XL:     8   Next: 91%
Magic:  0/13       EV: 13    Int: 13    God:    Lugonu [****..]
Gold:   320        SH:  0    Dex: 16    Spells: 7/7 levels left

rFire    + . .     SeeInvis .   b - +3 scythe
rCold    + . .     Faith    .   (shield currently unavailable)
rNeg     + . .     Spirit   +   y - +5 ring mail of Reycsein {rF+ Will+ rCorr Dex+2}
rPois    .         Reflect  .   c - +2 hat
rElec    .         Harm     .   (no cloak)
rCorr    +         Rampage  .   j - +0 pair of gloves
Will     +....                  d - +1 pair of boots
Stlth    +.........             (no amulet)
HPRegen  0.20/turn              u - ring of positive energy
MPRegen  0.13/turn              l - ring of protection from cold

@: no status effects
A: claws 1, iridescent scales 1, agile 1, demonic guardian 1, weak 1, magic
shield
a: Renounce Religion, Depart the Abyss, Bend Space, Banish, Corrupt


You were on level 6 of the Dungeon.
You worshipped Lugonu.
Lugonu was greatly pleased with you.
You visited 1 branch of the dungeon, and saw 6 of its levels.
You visited the Abyss 1 time.
You also visited: Sewer.

You collected 320 gold pieces.

Inventory:

Hand Weapons
 a - a +4 spear
 b - a +3 scythe (weapon)
Armour
 c - a +2 hat (worn)
 d - a +1 pair of boots (worn)
 j - a +0 pair of gloves (worn)
 y - the +5 ring mail of Reycsein (worn) {rF+ Will+ rCorr Dex+2}
   (You took it off an orc on level 5 of the Dungeon)

   It affects your dexterity (+2).
   It protects you from fire.
   It affects your willpower, your defense against some magical effects.
   It provides partial protection from all sources of acid and corrosion.
Jewellery
 l - a ring of protection from cold (right hand)
 u - a ring of positive energy (left hand)
Wands
 s - a wand of digging (2)
 t - a wand of polymorph (11)
Scrolls
 k - a scroll of magic mapping
 p - 2 scrolls of remove curse
 r - 3 scrolls of teleportation
 v - 4 scrolls of fear
Potions
 e - 2 potions of brilliance
 g - a potion of lignification
 h - 5 potions of magic
 m - 3 potions of degeneration {unknown}
 n - 2 potions of resistance {unknown}
 o - 3 potions of curing
 w - a potion of haste {unknown}
 x - a potion of flight {unknown}


   Skills:
 + Level 5.9 Fighting
 + Level 5.0 Polearms
 + Level 5.0 Armour
 + Level 4.6 Dodging
 + Level 7.1 Invocations


You had 7 spell levels left.
You didn't know any spells.
Your spell library contained the following spells:

 Spells                   Type           Power        Failure   Level
 Corona                   Hex            0%           52%         1
 Ensorcelled Hibernation  Hex/Ice        0%           65%         2
 Confusing Touch          Hex            0%           87%         3
 Dazzling Flash           Conj/Hex       0%           87%         3
 Gell's Gravitas          Tloc           0%           87%         3
 Tukima's Dance           Hex            0%           87%         3
 Petrify                  Tmut/Erth      0%           99%         4
 Metabolic Englaciation   Hex/Ice        0%           100%        5
 Yara's Violent Unravell  Hex/Tmut       0%           100%        5


Dungeon Overview and Level Annotations

Branches:
Dungeon (6/15)             Temple (0/1) D:4           Sewer (visited)

Altars:
Fedhas
Gozag
Makhleb
Okawaru
Ru
Vehumet
Beogh


Innate Abilities, Weirdness & Mutations

You have sharp fingernails.
You are partially covered in iridescent scales. (AC +2)
A weak demonic guardian rushes to your aid.
When hurt, damage is shared between your health and your magic reserves.
You are agile. (Dex +2)
You are weak. (Str -2)


Message History

Unknown command.
You hit the orc warrior but do no damage.
The orc warrior is almost dead.
The orc warrior misses you. The orc warrior closely misses you.
You barely miss the orc warrior.
The orc warrior is almost dead.
The orc warrior closely misses you.
You barely miss the orc warrior.
The orc warrior is almost dead.
The orc warrior completely misses you.
The orc warrior hits you with a +0 hand axe of electrocution!
* * * LOW HITPOINT WARNING * * *
Unknown command.
You hit the orc warrior but do no damage.
The orc warrior is almost dead.
The orc warrior misses you. The orc warrior barely misses you.
You closely miss the orc warrior.
The orc warrior is almost dead.
The orc warrior hits you with a +0 hand axe of electrocution!
You die...

. #.####..# #. . .. # #o)##...#
#...## #.#.#≈##......# #....#
.### ....≈##.##[### #..#.# ....
##≈≈≈≈.#)##.## ###..#.#
....#....≈..)....####....#.#
#..#.≈≈.≈##.÷).......#.##<###..
#....#..≈##...o##..............
....##≈#....@...#..#.##.##...
#...#.......................
#..#.........(..#..##.###..
####...#...#####..#......#
#.......(#.# ##..#.###.#
#...##....##.# ##.#.###.##
....##......#.##### #...>##..###
##.................####...#....#
.......##.##..## ..###.#.##.#..


You could see an orc warrior.

Vanquished Creatures
  The ghost of lasso the Magician, a novice DECj (D:5)
  Sigmund (D:2)
  A sky beast (D:4)
  A phantom (D:5)
  An orc warrior (D:6)
  2 ogres (D:5)
  2 big kobolds (Sewer)
  A wyvern zombie (D:6)
  A jelly (D:6)
  3 hounds
  A centaur zombie (D:6)
  2 orc priests (D:5)
  2 centaur skeletons
  3 orc wizards
  An iguana (D:4)
  Natasha (twice) (D:2)
  4 worker ants
  A howler monkey skeleton (D:5)
  4 gnolls (D:6)
  10 adders
  8 oozes
  2 adder zombies (D:2)
  4 worms
  2 dart slugs
  3 leopard geckos
  23 orcs
  5 ball pythons
  5 giant cockroaches
  7 goblins
  4 hobgoblins
  20 jackals
  15 kobolds
  2 quokkas (D:4)
  6 bats
  7 frilled lizards
  15 rats
172 creatures vanquished.

Vanquished Creatures (collateral kills)
  A centaur (D:5)
  6 orcs
7 creatures vanquished.

Vanquished Creatures (others)
  3 withered plants (D:2)
3 creatures vanquished.

Grand Total: 182 creatures vanquished

Notes
Turn   | Place    | Note
-------+----------+-------------------------------------------
     0 | Abyss:1  | DasRunzen the Demonspawn Abyssal Knight began the quest for
                  | the Orb.
     0 | Abyss:1  | Reached XP level 1. HP: 18/18 MP: 2/2
     0 | Abyss:1  | Found a corrupted altar of Lugonu.
    47 | Abyss:1  | Noticed a small abomination
    51 | Abyss:1  | Noticed a rust devil
    55 | D:1      | Escaped the Abyss
   112 | D:1      | Reached skill level 1 in Dodging
   232 | D:1      | Gained mutation: When hurt, damage is shared between your
                  | health and your magic reserves. [demonic ancestry]
   232 | D:1      | Reached XP level 2. HP: 24/24 MP: 4/4
   250 | D:1      | Reached * piety under Lugonu
   758 | D:1      | Reached skill level 3 in Invocations
  1155 | D:2      | Reached XP level 3. HP: 29/29 MP: 5/5
  1323 | D:2      | Found a radiant altar of Vehumet.
  1325 | D:2      | Found a burning altar of Makhleb.
  1368 | D:2      | Noticed Sigmund
  1408 | D:2      | Killed Sigmund
  1409 | D:2      | Reached skill level 4 in Invocations
  1409 | D:2      | Reached XP level 4. HP: 15/37 MP: 2/7
  1409 | D:2      | Gained mutation: A weak demonic guardian rushes to your
                  | aid. [demonic ancestry]
  1409 | D:2      | Reached XP level 5. HP: 17/42 MP: 2/8
  1838 | D:2      | Reached ** piety under Lugonu
  2017 | D:2      | Noticed Natasha
  2027 | D:2      | Killed Natasha
  2032 | D:2      | Gained mutation: You are partially covered in iridescent
                  | scales. (AC +2) [demonic ancestry]
  2032 | D:2      | Reached XP level 6. HP: 40/48 MP: 6/9
  2387 | D:2      | Found a blossoming altar of Fedhas.
  2502 | D:2      | Noticed Natasha
  2512 | D:2      | Killed Natasha
  3453 | D:4      | Found a staircase to the Ecumenical Temple.
  3527 | D:4      | Reached *** piety under Lugonu
  3735 | D:4      | Found a glowing drain.
  3756 | Sewer    | Entered a sewer
  3900 | Sewer    | Reached XP level 7. HP: 54/55 MP: 8/10
  3966 | Sewer    | Reached skill level 5 in Invocations
  4265 | Sewer    | Gained mutation: You are weak. (Str -2) [potion of
                  | mutation]
  4265 | Sewer    | Gained mutation: You are agile. (Dex +2) [potion of
                  | mutation]
  4598 | D:4      | Found a sacrificial altar of Ru.
  5122 | D:5      | Entered Level 5 of the Dungeon
  5126 | D:5      | Reached **** piety under Lugonu
  5182 | D:4      | Reached skill level 5 in Fighting
  5465 | D:5      | Found a runed translucent gate.
  5466 | D:5      | Noticed lasso's ghost (novice DECj)
  5466 | D:5      | Found a runed translucent gate.
  5467 | D:5      | Found a roughly hewn altar of Beogh.
  5467 | D:5      | Found a runed translucent gate.
  5469 | D:5      | Identified the +5 ring mail of Reycsein {rF+ Will+ rCorr
                  | Dex+2}
  5505 | D:5      | Found an iron altar of Okawaru.
  5505 | D:5      | Found an opulent altar of Gozag.
  5618 | D:5      | Gained mutation: You have sharp fingernails. [demonic
                  | ancestry]
  5618 | D:5      | Reached XP level 8. HP: 26/62 MP: 4/12
  5906 | D:5      | Reached skill level 6 in Invocations
  6410 | D:5      | Killed lasso's ghost
  6737 | D:6      | Reached skill level 5 in Armour
  6737 | D:6      | Reached skill level 7 in Invocations
  7077 | D:6      | Reached skill level 5 in Polearms
  7387 | D:6      | Mangled by an orc warrior

Illustrated notes

Levels and vault maps discovered:
D:1:      dpeg_arrival_refuge, layout_basic, serial_glass, glass_columns_b,
          glass_columns_c
D:2:      layout_loops_corners, chequers_temple_overflow_statue_of_worship,
          serial_undead, serial_undead_e, serial_undead_c, serial_undead_b,
          serial_undead_c, fedhas_ov_isle_minmay, uniq_natasha, uniq_sigmund
D:3:      layout_loops_ring
D:4:      layout_basic, nicolae_ru_the_path_less_chosen,
          minmay_temple_entry_drinking_statues, portal_sewer_entry_b
D:5:      layout_rooms, gammafunk_temple_overflow_wave,
          biasface_ghost_orc_armoury, st_stairs_12
D:6:      layout_rooms, ebering_ghost_gozag, chequers_serial_rivers_micro_e

Skill      XL: |  1  2  3  4  5  6  7  8 |
---------------+-------------------------+-----
Dodging        | 1 2 3 4 |  4.6
Polearms       | 2 3 4 5 |  5.0
Armour         | 2 3 4 5 |  5.0
Invocations    | 3 4 5 7 |  7.1
Fighting       | 4 5 |  5.9

Action                   |  1- 3 |  4- 6 |  7- 9 || total
-------------------------+-------+-------+-------++-------
Melee: Spear             |   129 |       |    44 ||   173
       Scythe            |       |   320 |   339 ||   659
Invok: Depart the Abyss  |     1 |       |       ||     1
  Use: Scroll            |     7 |     7 |     5 ||    19
       Potion            |     2 |       |     3 ||     5
 Stab: Sleeping          |     2 |       |       ||     2
       Distracted        |       |     1 |       ||     1
Armor: Leather armour    |    23 |       |       ||    23
       Chain mail        |    15 |   356 |   315 ||   686
       Ring mail         |       |       |    53 ||    53
Dodge: Dodged            |    65 |   202 |   217 ||   484
